 Dungeon Crawl Stone Soup version 0.22-a0-456-g11ed031617 (webtiles) character file.

189 HANFGEIST the Insei (level 5, 0/33 HPs)
             Began as an Octopode Transmuter on June 7, 2018.
             Shot with a stone by a goblin (6 damage)
             ... on level 3 of the Dungeon.
             The game lasted 00:03:39 (2509 turns).

HANFGEIST the Insei (Octopode Transmuter)           Turns: 2509, Time: 00:03:40

Health: 0/33       AC: -3    Str: 10    XL:     5   Next: 68%
Magic:  4/10       EV: 13    Int: 16    God:
Gold:   93         SH:  0    Dex: 12    Spells: 4/10 levels left

rFire    x . .     SeeInvis .     - Unarmed
rCold    + . .     Gourm    .   (no shield)
rNeg     . . .     Faith    .   (helmet restricted)
rPois    .         Spirit   .   (no amulet)
rElec    .         Reflect  .   f - ring of ice
rCorr    .         Harm     .   (no ring)
MR       .....                  (no ring)
Stlth    +++.......             (no ring)
HPRegen  0.11/turn              (no ring)
MPRegen  0.12/turn              (no ring)
                                (no ring)
                                (no ring)

@: about to teleport, appendage (expiring), corroded
A: almost no armour, stealthy swim, amphibious, 8 rings, constrict 8, tentacle
spike 3, camouflage 1, gelatinous body 1
a: End Transformation


You were on level 3 of the Dungeon.
You were not hungry.
One of your tentacles had a temporary spike.
You visited 1 branch of the dungeon, and saw 3 of its levels.

You collected 93 gold pieces.

Inventory:

Missiles
 a - 7 arrows
Jewellery
 f - a ring of ice (left tentacle)
 k - an uncursed ring of resist corrosion {unknown}
Scrolls
 b - 2 scrolls of remove curse {unknown}
 d - 2 scrolls of teleportation
 h - 4 scrolls of identify {unknown}
 i - a scroll of fog {unknown}
Potions
 e - a potion of ambrosia {unknown}
 g - a potion of heal wounds {unknown}
 l - a potion of agility {unknown}
Comestibles
 c - 7 rations
 j - 13 chunks of flesh


   Skills:
 + Level 1.1 Fighting
 + Level 2.4 Dodging
 + Level 2.5 Stealth
 + Level 3.7 Unarmed Combat
 + Level 3.4 Spellcasting
 + Level 3.1 Transmutations
 + Level 0.2 Poison Magic


You had 4 spell levels left.
You knew the following spells:

 Your Spells              Type           Power        Failure   Level  Hunger
a - Beastly Appendage     Tmut           ##....       4%          1    None
b - Sticks to Snakes      Tmut           ##......     8%          2    ##.....
c - Spider Form           Tmut/Pois      #.........   26%         3    ###....

Your spell library contained the following spells:

 Spells                   Type           Power        Failure   Level  Hunger
 Blade Hands              Tmut           ##........   80%         5    ######.
 Ice Form                 Ice/Tmut       ##......     67%         4    ####...


Dungeon Overview and Level Annotations

Branches:
Dungeon (3/15)

Altars:

Annotations:
D:3 Ijyb


Innate Abilities, Weirdness & Mutations

You cannot wear most types of armour.
You are very stealthy in the water. (Stealth+)
You are amphibious.
You can wear up to eight rings at the same time.
You can use your tentacles to constrict eight enemies at once.
Your skin changes colour to match your surroundings (Stealth+).
Your rubbery body absorbs attacks. (AC +1, EV +1)
One of your tentacles bears a large vicious spike.


Message History

You close the door.
Casting: Sticks to Snakes (safe; 8% risk of failure)
Confirm with . or Enter, or press ? or * to list all spells.
You create a snake!
You now have 7 arrows.
Your transformation is almost over.
A goblin opens the door.
Ijyb zaps a wand.
The bolt of acid misses the goblin.
The bolt of acid hits you! The acid corrodes you!
You are splashed with acid!
The acid burns!
* * * LOW HITPOINT WARNING * * *
It is a wand of acid (9).
You swap places.
The goblin shoots a stone.
The stone hits your ball python.
Your ball python dies!
The goblin shoots a stone.
The stone hits your ball python!
Your ball python dies!
You aren't carrying any items that you can evoke.
As you read the scroll labeled IMITIPSY YFAY, it crumbles to dust.
You feel strangely unstable.
It was a scroll of teleportation.
The goblin shoots a stone.
The stone misses you.
The goblin shoots a stone.
The stone hits you.
You die...

#.######.#.#
...........#########
...#####.#.##....[.#
#..# #.#.##......# #..#
#.#.##......# ...#
#.#.##......# ...#
#.#.##.....(#####
...#####.#g##.(.........
#..........g()..@.....#
.........#.##†.....#..#
.#<......#.######### #
.#.....((#.# #.......#.#
#8....(8#.# #.....g.#.#
#8..g.g8#.# #.......#.#


You could see Ijyb and a goblin.

Vanquished Creatures
  An ogre (D:3)
  Terence (D:2)
  2 adders
  A worm (D:2)
  A dart slug (D:2)
  A leopard gecko (D:1)
  An orc (D:3)
  10 bats
  3 giant cockroaches
  10 goblins
  8 hobgoblins
  11 kobolds
  A frilled lizard (D:2)
  6 rats
57 creatures vanquished.

Notes
Turn   | Place    | Note
-------+----------+-------------------------------------------
     0 | D:1      | HANFGEIST the Octopode Transmuter began the quest for the Orb.
     0 | D:1      | Reached XP level 1. HP: 13/13 MP: 3/3
    97 | D:1      | Reached XP level 2. HP: 15/18 MP: 3/5
   151 | D:1      | Learned a level 2 spell: Sticks to Snakes
   765 | D:1      | Reached XP level 3. HP: 23/23 MP: 4/6
  1316 | D:2      | Reached skill level 1 in Stealth
  1518 | D:2      | Noticed Terence
  1531 | D:2      | Killed Terence
  1531 | D:2      | Reached XP level 4. HP: 13/28 MP: 2/8
  2369 | D:3      | Noticed an ogre
  2377 | D:3      | Learned a level 3 spell: Spider Form
  2399 | D:3      | Killed an ogre
  2399 | D:3      | Reached XP level 5. HP: 33/33 MP: 6/9
  2485 | D:3      | Noticed Ijyb
  2509 | D:3      | Shot with a stone by a goblin

Vault maps used:
D:1:      dpeg_arrival_central
D:2:      uniq_terence
D:3:      kennysheep_the_goblin_king

Skill      XL: |  1  2  3  4 |
---------------+-------------+-----
Stealth        | 1 2 |  2.5
Spellcasting   | 3 |  3.4
Transmutations | 3 |  3.1
Fighting       | |  1.1
Dodging        | |  2.4
Unarmed Combat | |  3.7
Poison Magic   | |  0.2

Action                   |  1- 3 |  4- 6 || total
-------------------------+-------+-------++-------
Melee: Unarmed           |    89 |    30 ||   119
       Constrict         |    21 |     8 ||    29
       Tentacles         |    14 |     5 ||    19
       Kick              |    18 |     8 ||    26
 Cast: Beastly Appendage |    29 |    12 ||    41
       Sticks to Snakes  |     2 |     3 ||     5
       Spider Form       |       |     1 ||     1
  Use: Scroll            |       |     1 ||     1
 Stab: Sleeping          |     7 |     4 ||    11
  Eat: Chunk             |     2 |     4 ||     6
Armor: Skin              |    10 |     2 ||    12
Dodge: Dodged            |    54 |    20 ||    74

Table legend:
 A = Spawn XP
 B = Non-spawn XP
 C = Spawn XP percentage of total XP
 D = Spawn monster count
 E = Non-spawn monster count
 F = Spawn count percentage of total count
 G = Total turns spent on level
                    A         B        C        D         E        F      G
               +---------+---------+-------+---------+---------+-------+---------
         Total |       0 |     271 |   0.0 |       0 |      57 |   0.0 |  2509
               +---------+---------+-------+---------+---------+-------+---------
           D:1 |       0 |      42 |   0.0 |       0 |      25 |   0.0 |  1085
           D:2 |       0 |      76 |   0.0 |       0 |      19 |   0.0 |  1150
           D:3 |       0 |     153 |   0.0 |       0 |      13 |   0.0 |   274
               +---------+---------+-------+---------+---------+-------+---------
